 Dungeon Crawl Stone Soup version 0.31.0-12-g77e489cdc1 (webtiles) character file.

Game seed: 16340868579733643476

55273 Endellion the Fighter (level 14, -2/118 HPs)
             Began as a Demonspawn Fighter on Mar 5, 2024.
             Was the Champion of Okawaru.
             Killed by divine providence
             ... invoked by an orc high priest
              (13 damage)
             ... on level 1 of the Orcish Mines.
             The game lasted 00:31:37 (21591 turns).

Endellion the Fighter (Demonspawn Fighter)         Turns: 21591, Time: 00:31:38

Health: -2/118     AC: 38    Str: 21    XL:     14   Next: 37%
Magic:  19/19      EV:  9    Int:  9    God:    Okawaru [******]
Gold:   1182       SH:  7    Dex: 19    Spells: 13/13 levels left

rFire   . . .        t - +3 eveningstar (freeze)
rCold   . . .        c - +1 buckler
rNeg    . . .        v - +8 scale mail "Wiguapli" {+Blink Dex+6 Stlth-}
rPois   +            p - +0 helmet
rElec   .            X - +0 cloak
rCorr   .            H - +0 pair of gloves
SInv    .            (boots unavailable)
Will    +....        (no amulet) Stlth
                     P - ring of poison resistance
HPRegen 0.39/turn    T - +4 ring of protection
MPRegen 0.16/turn

%: no passive effects
@: sanguine armoured
A: hooves 3, sanguine armour 3, condensation shield
a: Renounce Religion, Evoke Blink, Heroism, Finesse, Duel, Receive Armour


You were on level 1 of the Orcish Mines.
You worshipped Okawaru.
Okawaru was exalted by your worship.
You visited 4 branches of the dungeon, and saw 19 of its levels.

You collected 1182 gold pieces.


Innate Abilities, Weirdness & Mutations

You have hooves in place of feet.
When seriously injured, your blood forms very thick armour. (AC +12)
A meltable shield of frost defends you. (SH +0)


   Skills:
 + Level 13.6 Fighting
 + Level 12.8 Maces & Flails
 + Level 13.3 Armour
 - Level 5.0 Shields
 - Level 7.0 Invocations
 - Level 7.0 Evocations


You had 13 spell levels left.
You didn't know any spells.
Your spell library contained the following spells:

 Spells                   Type           Power      Damage    Failure   Level
 Magic Dart               Conj           0%         1d3       71%         1
 Necrotise                Necr           0%         1d4       71%         1
 Sting                    Conj/Alch      0%         1d3       71%         1
 Mercury Vapours          Alch/Air       0%         N/A       85%         2
 Searing Ray              Conj           0%         2d4       85%         2
 Sublimation of Blood     Necr           0%         N/A       85%         2
 Fugue of the Fallen      Necr           0%         N/A       97%         3
 Inner Flame              Hex/Fire       0%         N/A       97%         3
 Ozocubu's Armour         Ice            0%         N/A       97%         3
 Vampiric Draining        Necr           0%         2d6       97%         3
 Flame Wave               Conj/Fire      0%         2d4       100%        4
 Fulminant Prism          Conj/Alch      0%         3d5       100%        4
 Manifold Assault         Tloc           0%         N/A       100%        4
 Olgreb's Toxic Radiance  Alch           0%         N/A       100%        4
 Passage of Golubria      Tloc           0%         N/A       100%        4
 Petrify                  Alch/Erth      0%         N/A       100%        4
 Sticky Flame             Fire/Alch      0%         2d4       100%        4
 Vhi's Electric Charge    Tloc/Air       0%         N/A       100%        4
 Arcjolt                  Conj/Air       0%         1d10      100%        5
 Curse of Agony           Necr           0%         N/A       100%        5
 Irradiate                Conj/Alch      0%         3d11      100%        5
 Silence                  Hex/Air        0%         N/A       100%        5
 Ignition                 Fire           0%         3d3       100%        8
 Lehudib's Crystal Spear  Conj/Erth      0%         10d2      100%        8
 Maxwell's Capacitive Co  Air            0%         ∞         100%        8
 Martyr's Knell           Necr/Summ      Unusable   N/A       N/A         4

Inventory:

Hand Weapons
 t - a +3 eveningstar of freezing (weapon)
Missiles
 j - a throwing net {=f}
 B - 20 poisoned darts (quivered)
 K - 5 silver javelins
 N - a curare-tipped dart {=f}
 V - 3 javelins
Armour
 c - a +1 buckler (worn)
 p - a +0 helmet (worn)
 v - the +8 scale mail "Wiguapli" (worn) {+Blink Dex+6 Stlth-}
   (You took it off a kobold on level 4 of the Dungeon)

   Dex+6:     It affects your dexterity (+6).
   +Blink:    It lets you blink.
   Stlth-:    It makes you less stealthy.
 H - a +0 pair of gloves (worn)
 X - a +0 cloak (worn)
Magical Staves
 a - a staff of earth {!a}
Jewellery
 P - a ring of poison resistance (left hand)
 R - a ring of resist corrosion
 T - a +4 ring of protection (right hand)
Wands
 y - a wand of quicksilver (8)
 I - a wand of polymorph (6)
 O - a wand of roots (21)
 U - a wand of paralysis (3)
 W - a wand of mindburst (11)
Scrolls
 e - 6 scrolls of poison
 g - 4 scrolls of fog
 h - 3 scrolls of blinking
 k - 13 scrolls of teleportation {@r2}
 o - 3 scrolls of fear
 r - 2 scrolls of amnesia
 u - a scroll of enchant armour
 A - 3 scrolls of noise
 G - a scroll of immolation
 Z - a scroll of silence {!r}
Potions
 b - a potion of brilliance
 f - 6 potions of lignification
 i - 9 potions of curing {@q1}
 l - 3 potions of mutation
 m - 7 potions of haste {@q3}
 n - 2 potions of enlightenment
 q - a potion of attraction
 s - 3 potions of resistance
 w - a potion of might
 x - a potion of berserk rage {unknown}
 z - a potion of cancellation
 J - a potion of degeneration {unknown}
 Y - 2 potions of heal wounds {@q2}
Miscellaneous
 E - a condenser vane
 S - a sack of spiders

Dungeon Overview and Level Annotations

Branches:
Dungeon (12/15)            Temple (1/1) D:6            Lair (5/5) D:9
 Shoals (0/4) Lair:3        Snake (0/4) Lair:2        Slime (0/5) Lair:5
    Orc (1/2) D:12

Altars:
Ashenzari
Cheibriados
Dithmenos
Fedhas
Gozag
Hepliaklqana
Kikubaaqudgha
Makhleb
Nemelex Xobeh
Okawaru
Qazlal
Ru
Sif Muna
Trog
Uskayaw
Vehumet
Wu Jian
Xom
Yredelemnul
Jiyva

Annotations:
D:8 3 runed translucent doors, FatHorseNips's ghost, novice TrBe
Lair:1 3 runed translucent doors, seawaffle's ghost, journeyman FeBe
Lair:2 3 runed translucent doors, Valrug's ghost, journeyman GrEE

▒.....))..........#
▒.....).....o....#
▒......))...3....##
▒...........3.....##
...................#
...............)).#
)..#.>.....#...####
....#....####.##.##
.....#........4o@.#
.....##........#4##
...............###
..##.......#...#
..##....^..##.## .##
#..... ### ....


You could see an orc high priest, an ice devil (summoned) and a chaos spawn
(summoned).


Message History

You block the soul eater's attack.
You thump the soul eater! You freeze the soul eater.
You kick the soul eater, but do no damage.
The soul eater is almost dead.
The orc high priest prays to Beogh.
The soul eater hits you but does no damage.
Unknown command.
You hit the soul eater but do no damage.
You kick the soul eater, but do no damage.
The soul eater is almost dead.
You puncture the soul eater!
You kill the soul eater!
The soul eater disappears in a puff of smoke!
The ice devil barely misses you.
Unknown command.
You puncture the orc high priest! You freeze the orc high priest.
The orc high priest is moderately wounded.
The ice devil barely misses you.
The orc high priest hits you with a +0 flail.
* * * LOW HITPOINT WARNING * * *
You completely miss the orc high priest.
The orc high priest is moderately wounded.
The ice devil hits you but does no damage.
Unknown command.
You puncture the orc high priest! You freeze the orc high priest.
You kick the orc high priest!
The orc high priest is severely wounded.
The orc high priest calls down the wrath of Beogh upon you.
Beogh smites you!
You die...

Skill      XL: |  1  2  3  4  5  6  7  8  9 10 11 12 13 14 |
---------------+-------------------------------------------+-----
Maces & Flails | 2 3 4 5 7 10 11 12 | 12.8
Shields        | 3 4 5 |  5.0
Fighting       | 4 5 10 11 13 | 13.6
Evocations     | 1 3 4 6 7 |  7.0
Armour         | 5 7 10 11 12 13 | 13.3
Invocations    | 7 |  7.0

Action                     |  1- 3 |  4- 6 |  7- 9 | 10-12 | 13-15 || total
---------------------------+-------+-------+-------+-------+-------++-------
  Melee: Flail             |    91 |   146 |   132 |   233 |   398 ||  1000
         Kick              |       |    27 |   162 |   304 |   188 ||   681
         Mace              |       |       |   237 |   478 |       ||   715
         Eveningstar       |       |       |       |       |   121 ||   121
 Invoke: Heroism           |       |       |     1 |     4 |     3 ||     8
         Finesse           |       |       |       |     1 |       ||     1
         Receive Weapon    |       |       |       |       |     1 ||     1
    Use: Potion            |     1 |       |       |       |       ||     1
         Scroll            |       |       |     6 |     9 |    12 ||    27
   Stab: Distracted        |       |       |       |       |     1 ||     1
 Armour: Scale mail        |    44 |    95 |   232 |   659 |   622 ||  1652
  Dodge: Dodged            |    36 |    51 |    98 |   306 |   270 ||   761
  Block: Buckler           |    44 |    87 |   158 |   441 |   328 ||  1058

Levels and vault maps discovered:
D:1:      onia_arrival_mini_maze_b, layout_basic, grunt_decor_clamped,
          chequers_serial_rivers_marsh, nicolae_concentric_dashed_squares_wild,
          minmay_domino_2
D:2:      layout_basic
D:3:      layout_basic
D:4:      layout_basic
D:5:      layout_gridville, elyvilon_altar_4, hangedman_abyss_or_decor_stabs
D:6:      layout_basic, minmay_temple_entry_drinking_statues, minmay_crossroads,
          uniq_grinder
D:7:      layout_loops_ring, chequers_serial_rivers_micro_a
D:8:      layout_cave_pods, mainiacjoe_overflow_cross_hatched,
          jmf_multi_god_temple2, gammafunk_ghost_split, grunt_ministairs_8,
          uniq_maggie
D:9:      layout_long_grid, marbit_many_paths, david_lair_shrubbed
D:10:     layout_cave_pods
D:11:     layout_long_grid
D:12:     layout_stronghold, orc_0_dummy, uniq_gastronok
Temple:   bh_familiar_temple
Lair:1:   layout_small_grid, gammafunk_ghost_hydra_chop, serial_bayou_pond_d,
          grunt_megastairs_3, serial_bayou_shore_a, lemuel_fruit_fields
Lair:2:   cheibrodos_lair_overgrown_chateau, layout_hall_layers,
          dummy_snake_entry, gammafunk_ghost_ooze, grunt_megastairs_1,
          serial_bayou_shore_b
Lair:3:   layout_cave_pods, elwin_shoals_entry_rocks, serial_bayou_shore_b,
          serial_bayou_shore_b
Lair:4:   layout_roguey, basic_altar, wad_woods_river_03, serial_bayou_shore_b
Lair:5:   cheibrodos_lair_end_hotspot, layout_regular_city, slime_entry_1
Orc:1:    layout_caves, minmay_orc_temple_c

Notes
Turn   | Place    | Note
-------+----------+-------------------------------------------
     0 | D:1      | Endellion the Demonspawn Fighter began the quest for the
                  | Orb.
     0 | D:1      | Reached XP level 1. HP: 18/18 MP: 1/1
    65 | D:1      | Reached skill level 2 in Maces & Flails
   384 | D:1      | Gained mutation: A meltable shield of frost defends you.
                  | (SH +0) [demonic ancestry]
   384 | D:1      | Reached XP level 2. HP: 20/24 MP: 2/2
   655 | D:1      | Reached skill level 3 in Maces & Flails
  1026 | D:2      | Reached skill level 3 in Shields
  1026 | D:2      | Reached XP level 3. HP: 29/29 MP: 3/3
  1783 | D:2      | Gained mutation: You have large cloven feet. [demonic
                  | ancestry]
  1783 | D:2      | Reached XP level 4. HP: 33/35 MP: 4/4
  2068 | D:3      | Reached skill level 4 in Shields
  2375 | D:3      | Reached XP level 5. HP: 41/41 MP: 5/5
  2937 | D:4      | Reached skill level 4 in Maces & Flails
  3154 | D:4      | Identified the +8 scale mail "Wiguapli" {+Blink Dex+6
                  | Stlth-}
  3566 | D:5      | Entered Level 5 of the Dungeon
  3566 | D:5      | Noticed an ice beast
  3578 | D:4      | Killed an ice beast
  3579 | D:4      | Reached skill level 4 in Fighting
  3579 | D:4      | Reached skill level 1 in Evocations
  3579 | D:4      | Gained mutation: When seriously injured, your blood forms
                  | armour. (AC +12) [demonic ancestry]
  3579 | D:4      | Reached XP level 6. HP: 43/48 MP: 6/6
  3662 | D:5      | Reached skill level 2 in Evocations
  3741 | D:5      | Reached skill level 3 in Evocations
  3823 | D:5      | Gained mutation: You have hoof-like feet. [demonic
                  | ancestry]
  3823 | D:5      | Reached XP level 7. HP: 55/55 MP: 7/7
  3903 | D:5      | Reached skill level 5 in Fighting
  3968 | D:5      | Reached skill level 4 in Evocations
  3990 | D:5      | Reached skill level 3 in Armour
  4183 | D:5      | Reached skill level 4 in Armour
  4372 | D:6      | Reached skill level 5 in Armour
  4512 | D:6      | Reached XP level 8. HP: 62/62 MP: 8/8
  4671 | D:6      | Found a staircase to the Ecumenical Temple.
  4694 | D:6      | Reached skill level 5 in Maces & Flails
  4702 | Temple   | Entered the Ecumenical Temple
  4739 | Temple   | Became a worshipper of Warmaster Okawaru
  4835 | D:6      | Noticed Grinder
  4851 | D:6      | HP: 4/62 [Grinder/nerve-wracking pain (11)]
  4852 | D:6      | Killed Grinder
  4853 | D:6      | Reached skill level 2 in Invocations
  5063 | D:6      | Reached skill level 3 in Invocations
  5613 | D:7      | Reached skill level 5 in Shields
  5613 | D:7      | Reached skill level 4 in Invocations
  5749 | D:7      | Reached * piety under Okawaru
  5750 | D:7      | Reached skill level 5 in Invocations
  5772 | D:7      | Reached skill level 6 in Invocations
  5962 | D:7      | Reached skill level 7 in Invocations
  6283 | D:7      | Gained mutation: When seriously injured, your blood forms
                  | thick armour. (AC +12) [demonic ancestry]
  6283 | D:7      | Reached XP level 9. HP: 54/68 MP: 14/14
  6576 | D:7      | Identified 2 potions of resistance
  6628 | D:8      | Reached skill level 6 in Fighting
  6760 | D:8      | Reached ** piety under Okawaru
  6761 | D:8      | Reached skill level 7 in Fighting
  6979 | D:8      | Reached skill level 8 in Fighting
  7095 | D:8      | Noticed FatHorseNips's ghost (novice TrBe)
  7118 | D:8      | Reached skill level 9 in Fighting
  7251 | D:8      | Reached *** piety under Okawaru
  7287 | D:8      | Found a runed translucent gate.
  7287 | D:8      | Found a runed translucent gate.
  7287 | D:8      | Found a runed translucent gate.
  7431 | D:8      | Noticed Maggie
  7448 | D:8      | Killed Maggie
  7449 | D:8      | Reached skill level 10 in Fighting
  7534 | D:8      | Reached XP level 10. HP: 44/85 MP: 15/15
  7731 | D:8      | Found a sparkling altar of Nemelex Xobeh.
  8008 | D:8      | Found a basalt altar of Yredelemnul.
  8011 | D:8      | Found a sacrificial altar of Ru.
  8121 | D:9      | Reached skill level 6 in Maces & Flails
  8121 | D:9      | Reached skill level 6 in Armour
  8162 | D:9      | Reached **** piety under Okawaru
  8392 | D:9      | Identified the +2 rapier of Ruosex {flame, *Rage rC+ Str+3}
  8446 | D:9      | Found a stormy altar of Qazlal.
  9317 | D:9      | Reached skill level 7 in Maces & Flails
  9317 | D:9      | Reached skill level 7 in Armour
  9632 | D:9      | Found a staircase to the Lair.
  9916 | D:10     | Entered Level 10 of the Dungeon
 10033 | D:10     | Reached ***** piety under Okawaru
 10253 | D:10     | Gained mutation: You have hooves in place of feet. [demonic
                  | ancestry]
 10253 | D:10     | Reached XP level 11. HP: 86/90 MP: 16/16
 10411 | D:10     | Reached skill level 8 in Maces & Flails
 10411 | D:10     | Reached skill level 8 in Armour
 11303 | D:11     | Reached skill level 9 in Maces & Flails
 11303 | D:11     | Reached skill level 9 in Armour
 11801 | D:12     | Received a gift from Okawaru
 11975 | D:12     | Noticed a two-headed ogre
 11989 | D:12     | Killed a two-headed ogre
 12091 | D:12     | Noticed a purple ugly thing
 12108 | D:12     | Killed a purple ugly thing
 12116 | D:12     | Identified the +6 flail of Duty {heavy, Int+3}
 12198 | D:12     | Found a staircase to the Orcish Mines.
 12570 | D:12     | Noticed Gastronok
 12583 | D:12     | Killed Gastronok
 12584 | D:12     | Reached skill level 10 in Maces & Flails
 12584 | D:12     | Reached skill level 10 in Armour
 12882 | Lair:1   | Entered Level 1 of the Lair of Beasts
 12890 | Lair:1   | Received a gift from Okawaru
 12906 | Lair:1   | Reached XP level 12. HP: 37/97 MP: 17/17
 13172 | Lair:1   | Reached skill level 5 in Evocations
 13615 | Lair:1   | Found a runed translucent gate.
 13615 | Lair:1   | Found a runed translucent gate.
 13615 | Lair:1   | Found a runed translucent gate.
 13877 | Lair:1   | Noticed a boulder beetle
 13902 | Lair:1   | Killed a boulder beetle
 14090 | Lair:1   | Noticed seawaffle's ghost (journeyman FeBe)
 14090 | Lair:1   | Noticed a nine-headed hydra
 14207 | Lair:2   | Received a gift from Okawaru
 14370 | Lair:2   | Found a runed translucent gate.
 14371 | Lair:2   | Found a runed translucent gate.
 14372 | Lair:2   | Found a runed translucent gate.
 14375 | Lair:2   | Found a viscous altar of Jiyva.
 14375 | Lair:2   | Noticed Valrug's ghost (journeyman GrEE)
 14539 | Lair:2   | Reached skill level 6 in Evocations
 14585 | Lair:2   | Reached skill level 11 in Fighting
 14724 | Lair:2   | You fall into a shaft and drop 2 floors!
 14724 | Lair:4   | Noticed a death yak
 14724 | Lair:4   | Noticed a death yak
 14724 | Lair:4   | Noticed a death yak
 14724 | Lair:4   | Noticed a death yak
 14739 | Lair:4   | Killed a death yak
 14744 | Lair:4   | Killed a death yak
 14750 | Lair:4   | Killed a death yak
 14751 | Lair:4   | Reached skill level 11 in Maces & Flails
 14751 | Lair:4   | Reached skill level 11 in Armour
 14754 | Lair:4   | Killed a death yak
 14888 | Lair:4   | Received a gift from Okawaru
 15247 | Lair:3   | Reached XP level 13. HP: 99/106 MP: 18/18
 15301 | Lair:3   | Reached skill level 7 in Evocations
 15471 | Lair:3   | Reached ****** piety under Okawaru
 15651 | Lair:3   | Found a staircase to the Shoals.
 15655 | Lair:3   | Received a gift from Okawaru
 16160 | Lair:2   | Reached skill level 12 in Fighting
 16315 | Lair:2   | Found a staircase to the Snake Pit.
 16548 | Lair:2   | Reached skill level 12 in Armour
 16562 | Lair:2   | Reached skill level 12 in Maces & Flails
 16840 | Lair:2   | Received a gift from Okawaru
 17583 | Lair:4   | Found a shimmering blue altar of Sif Muna.
 17924 | Lair:4   | Acquired a +2 eveningstar of protection
 17924 | Lair:4   | Received a gift from Okawaru
 17931 | Lair:5   | Entered Level 5 of the Lair of Beasts
 18480 | Lair:5   | Found a viscous altar of Jiyva.
 18480 | Lair:5   | Found a staircase to the Slime Pits.
 18498 | Lair:5   | Received a gift from Okawaru
 18752 | Lair:5   | Reached skill level 13 in Fighting
 18752 | Lair:5   | Gained mutation: When seriously injured, your blood forms
                  | very thick armour. (AC +12) [demonic ancestry]
 18752 | Lair:5   | Reached XP level 14. HP: 99/118 MP: 19/19
 19287 | Lair:5   | Reached skill level 13 in Armour
 20007 | Lair:5   | Found a large runed translucent door.
 20008 | Lair:5   | Found a large runed translucent door.
 21262 | Orc:1    | Entered Level 1 of the Orcish Mines
 21585 | Orc:1    | HP: 11/118 [orc high priest/divine providence (11)]
 21591 | Orc:1    | Killed from afar by an orc high priest

Vanquished Creatures
  Gastronok (D:12)
  A fire dragon (Lair:5)
  3 hydras
  2 two-headed ogres
  A boulder beetle (Lair:1)
  4 death yaks (Lair:4)
  An orc high priest (Orc:1)
  2 skysharks
  2 lindwurms
  An orc knight (Orc:1)
  An ugly thing (D:12)
  An orc sorcerer (Orc:1)
  5 black mambas
  A torpor snail (Lair:5)
  10 elephants
  3 molten gargoyles (Lair:5)
  10 cane toads
  Maggie (D:8)
  A kobold demonologist (D:12)
  12 komodo dragons
  An unseen horror (D:12)
  3 rime drakes
  3 polar bears
  2 trolls
  5 hornets
  22 blink frogs
  Grinder (D:6)
  14 dream sheep
  68 yaks
  3 wraiths
  8 wyverns
  6 basilisks
  3 steam dragons
  4 vampire mosquitoes (D:12)
  2 wargs (Orc:1)
  2 acid dragons
  12 water moccasins
  9 orc warriors
  A hell hound (Lair:5)
  2 sky beasts
  3 ice beasts
  8 black bears
  3 ogres (Orc:1)
  11 wolves
  4 centaurs
  2 kobold brigands
  2 phantoms (D:5)
  9 bullfrogs
  2 scorpions (D:5)
  A gnoll sergeant (D:8)
  5 wights (D:7)
  6 killer bees (D:9)
  3 howler monkeys
  5 bombardier beetles
  5 lava snakes (Lair:5)
  12 orc priests
  A hound (D:5)
  3 jellies
  A gnoll bouda (D:9)
  4 iguanas
  2 sleepcaps
  6 orc wizards
  6 gnolls
  6 adders
  A shadow imp (D:7)
  A white imp (D:8)
  2 dart slugs
  2 ribbon worms
  54 orcs
  2 bats
  8 endoplasms
  3 giant cockroaches
  4 goblins
  7 hobgoblins
  4 jackals (D:1)
  11 kobolds
  2 quokkas (D:2)
  2 ball pythons
  2 frilled lizards
  6 rats
455 creatures vanquished.

Vanquished Creatures (others)
  2 hell hounds (Lair:5)
  A quokka (D:5)
3 creatures vanquished.

Grand Total: 458 creatures vanquished

Table legend: (Time is in decaauts)
 A = Elapsed time spent in this place.
 B = Non-inter-level travel time spent in this place.
 C = Inter-level travel time spent in this place.
 D = Time resting spent in this place.
 E = Time spent auto-exploring this place.
 F = Levels seen in this place.
 G = Mean time per level.
                   A        B        C        D        E       F      G
               +--------+--------+--------+--------+--------+-----+--------+
         Total |  21948 |  20980 |    968 |   2742 |  14347 |  19 | 1155.2 |
       Dungeon |  13301 |  12704 |    597 |   1399 |   8977 |  12 | 1108.4 |
        Temple |     73 |      1 |     72 |      0 |      0 |   1 |   73.0 |
          Lair |   8257 |   7959 |    298 |   1258 |   5316 |   5 | 1651.4 |
  Orcish Mines |    315 |    315 |      0 |     84 |     54 |   1 |  315.0 |
               +--------+--------+--------+--------+--------+-----+--------+

Top non-repeatable levels by time:
  Lair:5: 2799 daAuts
     D:9: 2088 daAuts
  Lair:2: 1603 daAuts
     D:8: 1556 daAuts
  Lair:3: 1461 daAuts
  Lair:1: 1215 daAuts
  Lair:4: 1177 daAuts
     D:7: 1176 daAuts
    D:12: 1143 daAuts
     D:2: 1066 daAuts
     D:6: 1017 daAuts
     D:1: 1017 daAuts
    D:11: 993 daAuts
     D:4: 925 daAuts
    D:10: 898 daAuts

Table legend:
 A = Non-vault XP
 B = Vault XP
 C = Vault XP percentage of total XP
 D = Non-vault monster count
 E = Vault monster count
 F = Vault count percentage of total count
                 A         B        C        D         E       F
            +---------+---------+-------+---------+---------+-------
      Total |   56416 |   22546 |  28.6 |     351 |     106 |  23.2
            +---------+---------+-------+---------+---------+-------
        D:1 |      32 |       7 |  17.9 |      17 |       3 |  15.0
        D:2 |      80 |       0 |   0.0 |      17 |       0 |   0.0
        D:3 |      85 |       0 |   0.0 |      19 |       0 |   0.0
        D:4 |     249 |       0 |   0.0 |      14 |       0 |   0.0
        D:5 |     804 |       0 |   0.0 |      15 |       0 |   0.0
        D:6 |     386 |     352 |  47.7 |      15 |       4 |  21.1
        D:7 |     983 |       0 |   0.0 |      19 |       0 |   0.0
        D:8 |    3210 |     730 |  18.5 |      23 |       9 |  28.1
        D:9 |    2574 |     469 |  15.4 |      29 |       3 |   9.4
       D:10 |    2559 |       0 |   0.0 |      18 |       0 |   0.0
       D:11 |    3372 |       0 |   0.0 |      16 |       0 |   0.0
       D:12 |    2976 |    1528 |  33.9 |       9 |       1 |  10.0
     Lair:1 |    5491 |    1281 |  18.9 |      17 |       6 |  26.1
     Lair:2 |    4322 |    7194 |  62.5 |      22 |      25 |  53.2
     Lair:3 |   12090 |       0 |   0.0 |      43 |       0 |   0.0
     Lair:4 |    8699 |       0 |   0.0 |      26 |       0 |   0.0
     Lair:5 |    8075 |    6421 |  44.3 |      22 |      25 |  53.2
      Orc:1 |     429 |    4564 |  91.4 |      10 |      30 |  75.0
            +---------+---------+-------+---------+---------+-------
